Map: Kairos Junction LE

Players

Lambo - Winner!

  • Race: Zerg Zerg
  • League: Grandmaster
  • Spawn Location: 5:00

Krystianer

  • Race: Protoss Protoss
  • League: Grandmaster
  • Spawn Location: 11:00

VOD

Have the link to the VOD?

Description

Time

  • Played on: Jan. 12, 2019, 3:06 p.m.
  • Length: 9:43
Show
View Real Time Build Order
Export as new Build Order

Lambo Zerg - Winner!

Build Orders: Hatch First, Roach Hydra 

Get SALT Encoding   

  12  0:01  Drone  
  13  0:12  Overlord  
  13  0:16  Drone  
  14  0:30  Drone  
  15  0:43  Drone  
  15  0:48  Hatchery  
  15  0:50  Drone  
  15  0:54  Drone  
  17  0:58  Drone  
  18  1:08  Extractor  
  17  1:13  Spawning Pool  
  17  1:16  Drone  
  17  1:20  Drone  
  18  1:27  Drone  
  19  1:39  Drone  
  20  1:52  Overlord  
  20  2:00  Queen x2, Zergling x4  
  26  2:08  Metabolic Boost  
  26  2:10  Drone  
  26  2:11  Drone  
  28  2:21  Drone x2  
  30  2:33  Hatchery  
  30  2:36  Drone  
  30  2:40  Drone  
  30  2:43  Drone  
  32  2:46  Overlord  
  32  2:55  Queen  
  34  3:03  Spore Crawler, Drone  
  34  3:04  Drone  
  35  3:05  Spore Crawler  
  35  3:09  Drone x2  
  35  3:10  Drone  
  35  3:11  Drone  
  35  3:12  Overlord  
  40  3:16  Drone  
  41  3:20  Drone  
  41  3:27  Drone  
  43  3:28  Overlord  
  43  3:33  Queen  
  45  3:36  Drone x3  
  45  3:38  Spore Crawler  
  45  3:40  Drone x2  
  49  3:47  Queen  
  51  3:51  Drone x3  
  54  3:56  Overlord, Spore Crawler  
  53  4:03  Zergling x6  
  53  4:05  Drone  
  53  4:07  Zergling x2  
  53  4:08  Overlord  
  58  4:13  Overlord  
  58  4:15  Drone x2  
  60  4:19  Drone x2  
  60  4:20  Drone  
  62  4:26  Lair  
  62  4:31  Roach Warren, Extractor  
  61  4:32  Drone x2  
  61  4:33  Extractor  
  61  4:40  Drone x3  
  61  4:41  Drone  
  61  4:42  Drone x3  
  61  4:45  Queen  
  70  4:47  Drone  
  70  4:48  Drone  
  70  4:52  Overlord  
  72  4:54  Drone x2  
  72  4:55  Drone x2  
  76  5:03  Drone x2  
  76  5:04  Evolution Chamber  
  76  5:05  Spore Crawler  
  76  5:07  Drone x2  
  76  5:09  Drone  
  76  5:13  Overlord, Extractor  
  76  5:14  Extractor, Drone x2  
  77  5:16  Overlord  
  77  5:18  Drone x2  
  80  5:27  Roach x4  
  88  5:31  Zerg Missile Weapons Level 1  
  88  5:32  Roach x3  
  94  5:38  Roach x3  
  94  5:40  Glial Reconstitution  
  100  5:44  Roach x3  
  100  5:47  Overlord x2  
  106  5:53  Overlord  
  106  5:55  Roach  
  104  5:58  Roach  
  104  6:03  Roach x3  
  106  6:09  Roach  
  106  6:10  Roach  
  102  6:19  Roach  
  102  6:20  Roach x3  
  109  6:33  Extractor, Hydralisk Den  
  109  6:36  Drone  
  109  6:37  Drone x2  
  109  6:38  Drone x2  
  109  6:39  Drone x2  
  113  6:40  Drone x2  
  114  6:54  Overlord  
  112  6:58  Drone x3  
  112  6:59  Drone x2  
  113  7:03  Overlord  
  113  7:06  Queen x2  
  113  7:08  Grooved Spines  
  117  7:15  Hydralisk x2  
  121  7:17  Lurker Den  
  121  7:20  Hydralisk x2  
  121  7:21  Hydralisk  
  126  7:22  Hatchery  
  126  7:25  Drone x2  
  127  7:41  Roach x7  
  141  7:47  Hydralisk x2  
  141  7:49  Overlord x2  
  145  7:53  Overlord  
  145  7:56  Overlord  
  145  7:58  Overlord  
  144  8:00  Queen  
  146  8:09  Zergling x6  
  146  8:11  Ravager x4  
  146  8:12  Ravager x3  
  156  8:16  Zergling x18  
  156  8:19  Muscular Augments, Ravager  
  166  8:21  Roach  
  168  8:31  Roach x2  
  168  8:33  Roach  
  169  8:36  Roach  
  169  8:38  Roach  
  154  8:42  Roach, Zergling x2  
  154  8:45  Hydralisk x2  
  154  8:46  Roach x2  
  144  8:55  Hydralisk  
  144  8:56  Hydralisk x4  
  144  8:57  Zergling x10  
  159  9:07  Hydralisk x4  
  162  9:15  Hydralisk  
  160  9:19  Roach x3  
Show
View Real Time Build Order
Export as new Build Order

Krystianer Protoss 

Build Orders: 1 Gate Expand, Oracle Opening, Phoenix Opening, Chargelot Immortal 

Get SALT Encoding   

  12  0:00  Probe  
  13  0:12  Probe  
  14  0:18  Pylon  
  14  0:24  Probe  
  15  0:33  Probe  
  15  0:41  Gateway, Probe  
  16  0:46  Assimilator  
  17  0:51  Probe  
  18  1:03  Probe  
  19  1:15  Probe  
  20  1:24  Nexus  
  20  1:33  Cybernetics Core  
  20  1:38  Assimilator  
  20  1:41  Probe  
  21  1:49  Pylon  
  21  1:54  Probe  
  22  2:00  Adept  
  22  2:08  Probe  
  25  2:17  Stargate  
  25  2:20  Probe  
  26  2:26  Adept  
  28  2:30  Probe  
  28  2:32  Probe  
  28  2:33  Warp Gate  
  30  2:38  Probe  
  30  2:40  Probe  
  31  2:46  Probe  
  31  2:50  Probe  
  33  2:58  Probe, Phoenix  
  34  3:02  Probe  
  38  3:11  Probe  
  39  3:14  Probe  
  39  3:15  Gateway  
  40  3:20  Oracle  
  40  3:23  Probe  
  44  3:27  Pylon  
  44  3:28  Probe  
  45  3:44  Twilight Council  
  45  3:45  Gateway  
  45  3:47  Gateway  
  45  3:48  Probe x2  
  47  3:53  Assimilator  
  47  3:55  Assimilator  
  47  3:57  Pylon  
  47  3:59  Oracle  
  47  4:00  Probe x2  
  49  4:07  Resonating Glaives  
  52  4:14  Probe x2  
  54  4:17  Pylon  
  54  4:38  Adept  
  54  4:39  Adept, Pylon  
  54  4:40  Adept  
  54  4:41  Adept  
  62  4:56  Pylon  
  62  5:01  Adept x3  
  62  5:02  Adept  
  70  5:11  Nexus  
  70  5:23  Adept x4  
  70  5:27  Pylon  
  78  5:35  Robotics Facility  
  78  5:41  Robotics Facility  
  78  5:47  Adept  
  78  5:48  Adept  
  82  5:57  Probe  
  81  6:03  Adept x2, Probe  
  78  6:11  Probe x2  
  78  6:12  Charge  
  78  6:17  Immortal  
  78  6:19  Immortal  
  76  6:30  Probe  
  85  6:35  Probe  
  84  6:40  Probe  
  84  6:43  Probe  
  87  6:47  Probe  
  87  6:51  Immortal  
  87  6:52  Probe  
  88  6:59  Sentry x3  
  88  7:01  Sentry  
  94  7:02  Warp Prism  
  94  7:06  Pylon  
  94  7:07  Probe, Pylon  
  101  7:19  Gateway  
  101  7:21  Immortal  
  101  7:22  Gateway  
  101  7:24  Gateway  
  101  7:26  Gateway  
  101  7:33  Sentry x3  
  101  7:34  Sentry  
  113  7:37  Pylon  
  113  7:39  Pylon  
  113  7:45  Assimilator  
  113  7:47  Assimilator  
  113  7:55  Pylon  
  113  8:02  Adept x4  
  113  8:04  Pylon  
  118  8:22  Adept  
  118  8:23  Adept x7  
  118  8:26  Pylon  
  110  8:43  Adept x4  
  110  8:44  Sentry x2  
  110  8:46  Sentry x2  
  106  8:57  Probe  
  106  8:58  Probe  
  108  9:06  Templar Archives  
  100  9:15  Zealot x7  
  70  9:39  Zealot x8  
Tags
 
Add a new tag
Caveats
  • Supply blocks, unpowered buildings, or Contaminate may cause inaccurate times.
  • Supply counts are checked every 10 seconds.